Map: Ascension to Aiur LE

Players

SpeCial - Winner!

  • Race: Terran Terran
  • Spawn Location: 11:00

Lalugi

  • Race: Zerg Zerg
  • Spawn Location: 5:00

Event: WCS Montreal 2017

VOD

Have the link to the VOD?

Description

Time

  • Played on: Sept. 8, 2017, 11:26 a.m.
  • Length: 5:43

All games in this series

Show
View Real Time Build Order
Export as new Build Order

SpeCial Terran - Winner!

Build Orders: Reaper Expand, Hellion Banshee 

Get SALT Encoding   

  12  0:00  SCV  
  13  0:12  SCV  
  14  0:17  Supply Depot  
  14  0:25  SCV  
  15  0:39  SCV  
  15  0:40  Barracks  
  16  0:44  Refinery  
  16  0:51  SCV  
  17  1:03  SCV  
  18  1:15  SCV  
  19  1:27  Orbital Command  
  19  1:28  Reaper  
  20  1:39  Command Center  
  20  1:49  Supply Depot  
  20  1:52  SCV  
  21  1:59  Marine  
  22  2:04  Factory  
  22  2:05  SCV  
  23  2:13  Refinery  
  23  2:18  SCV  
  24  2:23  Barracks Reactor  
  24  2:30  SCV  
  25  2:42  SCV  
  26  2:49  Starport  
  25  2:52  Orbital Command  
  25  2:54  SCV  
  26  3:04  Hellion x2  
  30  3:06  SCV  
  30  3:07  Barracks Tech Lab  
  31  3:14  Supply Depot  
  31  3:18  SCV x2  
  33  3:25  Hellion  
  33  3:26  Hellion  
  37  3:30  SCV  
  37  3:34  Cloaking Field  
  38  3:35  Banshee  
  38  3:39  SCV  
  42  3:42  SCV  
  42  3:47  Hellion  
  42  3:48  Supply Depot  
  45  3:50  Hellion  
  45  3:53  SCV  
  48  3:56  SCV  
  48  4:01  Armory  
  49  4:08  SCV x2  
  51  4:11  Supply Depot  
  51  4:12  Hellion  
  51  4:13  Hellion  
  55  4:20  SCV  
  56  4:28  SCV  
  57  4:32  SCV  
  57  4:34  Supply Depot, Hellion x2  
  62  4:40  Banshee  
  62  4:42  SCV  
  66  4:55  SCV  
  66  4:57  Supply Depot, Command Center, Hellion x2  
  71  5:02  SCV  
  70  5:07  SCV  
  70  5:11  Barracks Reactor  
  70  5:13  Factory  
  69  5:17  SCV, Refinery  
  69  5:18  Refinery  
  69  5:19  SCV  
  73  5:21  Hellion  
  73  5:29  SCV  
  78  5:38  Supply Depot  
Show
View Real Time Build Order
Export as new Build Order

Lalugi Zerg 

Build Orders: Hatch First 

Get SALT Encoding   

  12  0:01  Drone  
  13  0:16  Overlord  
  13  0:23  Drone  
  14  0:35  Drone x2  
  16  0:42  Drone  
  17  0:53  Hatchery  
  16  0:57  Drone  
  16  1:00  Extractor  
  16  1:02  Drone  
  17  1:19  Spawning Pool  
  17  1:25  Drone  
  17  1:27  Drone  
  17  1:32  Drone  
  19  1:43  Overlord  
  19  1:54  Drone  
  20  2:04  Drone  
  20  2:05  Metabolic Boost  
  20  2:06  Queen  
  20  2:07  Zergling x2  
  24  2:15  Zergling x2  
  24  2:17  Drone  
  24  2:20  Queen  
  28  2:26  Drone  
  28  2:27  Drone  
  30  2:36  Zergling x2  
  29  2:40  Spore Crawler  
  28  2:46  Zergling x2  
  29  2:51  Overlord  
  29  2:53  Drone  
  30  3:01  Drone  
  31  3:07  Queen  
  31  3:08  Hatchery  
  31  3:10  Drone  
  34  3:12  Drone  
  34  3:15  Drone  
  35  3:25  Drone x4  
  39  3:27  Drone  
  39  3:32  Drone  
  41  3:40  Drone x2  
  41  3:42  Queen  
  41  3:44  Spore Crawler, Drone  
  42  3:49  Drone x2  
  44  3:58  Roach Warren  
  44  4:01  Drone  
  44  4:03  Overlord  
  44  4:09  Overlord  
  44  4:12  Extractor  
  44  4:13  Queen  
  44  4:14  Extractor  
  37  4:28  Drone x3  
  37  4:29  Drone x3  
  41  4:36  Queen  
  43  4:41  Roach  
  44  4:50  Roach x2  
  48  4:58  Roach x2  
  52  5:06  Roach x2  
  56  5:13  Roach  
Tags
 
Add a new tag
Caveats
  • Supply blocks, unpowered buildings, or Contaminate may cause inaccurate times.
  • Supply counts are checked every 10 seconds.